 Dungeon Crawl Stone Soup version 0.28.0-53-g5a82cb258f (webtiles) character file.

Game seed: 10354655554529552103

78829 jiml777 the Thaumaturge (level 15, -14/121 HPs)
             Began as a Gnoll Air Elementalist on June 16, 2022.
             Was an Elder of Ashenzari.
             Killed from afar by a naga mage (28 damage)
             ... with a bolt of poison
             ... on level 1 of the Snake Pit.
             The game lasted 03:23:00 (39892 turns).

jiml777 the Thaumaturge (Gnoll Air Elementalist)   Turns: 39892, Time: 03:23:00

Health: -14/121    AC: 17    Str:  5    XL:     15   Next: 61%
Magic:  11/32      EV: 19    Int: 29    God:    Ashenzari [****..]
Gold:   174        SH:  0    Dex: 15    Spells: 22/40 levels left

rFire   + . .      SeeInvis +   p - +5 spear of the Chained Autotheism {freeze, Range, Cun} (curse)
rCold   . . .      Faith    .   (no shield)
rNeg    + + .      Spirit   .   z - +1 robe "Tethered Together" {Harm Int+7, Melee, Alch} (curse)
rPois   .          Reflect  .   j - +2 helmet of Ashenzari's Pleiades {Elem, Self} (curse)
rElec   .          Harm     +   i - +2 cloak of Ashenzari's Doubts {Alch, Range} (curse)
rCorr   .          Rampage  .   (no gloves)
Will    +....      Clarity  +   T - +0 pair of boots "Thunder Perfect Mind" {Cun, Melee} (curse)
Stlth   ++++++....              (no amulet)
HPRegen 0.30/turn               H - ring of Ashenzari's Negation {Fly rF+ rN++ Dex+2, Alch, Melee} (curse)
MPRegen 0.23/turn               A - ring of Toth-Mos's Legacy {AC+4, Elem, Melee} (curse)

@: lethally poisoned (-14 -> -24), flying, slowed, very slow
A: fangs 1, strong nose, distributed training, iridescent scales 1, deformed
body, passive freeze, weak 1
a: Renounce Religion, Curse Item, Shatter the Chains


You were on level 1 of the Snake Pit.
You worshipped Ashenzari.
Ashenzari was greatly pleased with you.
You visited 5 branches of the dungeon, and saw 22 of its levels.

You collected 2049 gold pieces.
You spent 1875 gold pieces at shops.

Inventory:

Hand Weapons
 f - a +1 rapier
 p - the cursed +5 spear of the Chained Autotheism (weapon) {freeze, Range, Cun}
   (You took it off a wight on level 7 of the Dungeon)

   It freezes those it strikes, dealing additional cold damage.
   It can also slow down cold-blooded creatures.
   It has a curse which improves the following skills: Ranged Combat: Slings,
   Bows, Crossbows and Throwing.
   Cunning:   Dodging and Stealth.
Missiles
 c - 652 stones
 d - 252 sling bullets
 k - 285 arrows
 m - 140 bolts
 o - a throwing net
 r - 16 poisoned darts
Armour
 a - a +0 robe
 i - the cursed +2 cloak of Ashenzari's Doubts (worn) {Alch, Range}
   (You found it on level 2 of the Dungeon)

   It has a curse which improves the following skills: Alchemy: Poison Magic and
   Transmutations.
   Ranged Combat: Slings, Bows, Crossbows and Throwing.
 j - the cursed +2 helmet of Ashenzari's Pleiades (worn) {Elem, Self}
   (You found it on level 2 of the Dungeon)

   It has a curse which improves the following skills: Elements: Fire Magic, Ice
   Magic, Air Magic and Earth Magic.
   Introspection: Fighting and Spellcasting.
 x - a +0 leather armour of fire resistance
 z - the cursed +1 robe "Tethered Together" (worn) {Harm Int+7, Melee, Alch}
   (You found it on level 8 of the Dungeon)

   Int:       It affects your intelligence (+7).
   Harm:      It increases damage dealt and taken.
   It has a curse which improves the following skills: Melee Combat: Short
   Blades, Long Blades, Axes, Maces & Flails, Polearms, Staves and Unarmed
   Combat.
   Alchemy:   Poison Magic and Transmutations.
 D - a +0 cloak
 O - a +0 cloak
 T - the cursed +0 pair of boots "Thunder Perfect Mind" (worn) {Cun, Melee}
   (You found it on level 6 of the Lair of Beasts)

   It has a curse which improves the following skills: Cunning: Dodging and
   Stealth.
   Melee Combat: Short Blades, Long Blades, Axes, Maces & Flails, Polearms,
   Staves and Unarmed Combat.
Magical Staves
 g - a staff of poison
 Q - a staff of death
Jewellery
 s - a ring of ice
 u - a ring of poison resistance
 A - the cursed ring of Toth-Mos's Legacy (right hand) {AC+4, Elem, Melee}
   (You found it on level 4 of the Lair of Beasts)

   [ring of protection]

   AC:        It affects your AC (+4).
   It has a curse which improves the following skills: Elements: Fire Magic, Ice
   Magic, Air Magic and Earth Magic.
   Melee Combat: Short Blades, Long Blades, Axes, Maces & Flails, Polearms,
   Staves and Unarmed Combat.
 H - the cursed ring of Ashenzari's Negation (left hand) {Fly rF+ rN++ Dex+2, Alch, Melee}
   (You bought it in a shop on level 11 of the Dungeon)

   [ring of flight]

   Dex:       It affects your dexterity (+2).
   rF:        It protects you from fire.
   rN:        It greatly protects you from negative energy.
   Fly:       It grants you flight.
   It has a curse which improves the following skills: Alchemy: Poison Magic and
   Transmutations.
   Melee Combat: Short Blades, Long Blades, Axes, Maces & Flails, Polearms,
   Staves and Unarmed Combat.
 L - a +4 ring of protection
 R - a +6 ring of strength
Wands
 l - a wand of polymorph (16)
 n - a wand of paralysis (4)
 y - a wand of flame (57)
 G - a wand of digging (5)
 I - a wand of acid (5)
 K - a wand of iceblast (11)
 N - a wand of mindburst (3)
 S - a wand of charming (7)
Scrolls
 b - 6 scrolls of teleportation
 h - 3 scrolls of vulnerability
 v - 3 scrolls of torment
 B - a scroll of blinking
 E - 3 scrolls of fog
 J - a scroll of fear
 M - 2 scrolls of amnesia
Potions
 e - a potion of berserk rage
 t - a potion of ambrosia
 w - 4 potions of curing
 C - 3 potions of cancellation
Miscellaneous
 F - a phantom mirror
 P - a phial of floods


   Skills:
 + Level 10.2(12.2) Fighting
 + Level 10.2(14.9) Short Blades
 + Level 10.2(14.9) Long Blades
 + Level 10.2(14.9) Axes
 + Level 10.2(14.9) Maces & Flails
 + Level 10.2(14.9) Polearms
 + Level 10.2(14.9) Staves
 + Level 10.2(13.2) Slings
 + Level 10.2(13.2) Bows
 + Level 10.2(13.2) Crossbows
 + Level 10.2(13.2) Throwing
 + Level 10.2 Armour
 + Level 11.2(14.1) Dodging
 + Level 11.1(14.0) Stealth
 + Level 10.2 Shields
 + Level 10.2(14.9) Unarmed Combat
 + Level 11.4(13.3) Spellcasting
 + Level 8.9 Conjurations
 + Level 8.6 Hexes
 + Level 8.6 Summonings
 + Level 8.6 Necromancy
 + Level 8.6 Translocations
 + Level 8.6(12.5) Transmutations
 + Level 8.6(11.6) Fire Magic
 + Level 8.6(11.6) Ice Magic
 + Level 10.2(13.2) Air Magic
 + Level 8.6(11.6) Earth Magic
 + Level 8.6(12.5) Poison Magic
 + Level 11.1 Invocations
 + Level 10.2 Evocations


You had 22 spell levels left.
You knew the following spells:

 Your Spells              Type           Power      Damage    Failure   Level
a - Shock                 Conj/Air       100%       1d9       1%          1
b - Static Discharge      Conj/Air       70%        N/A       1%          2
c - Swiftness             Air            77%        N/A       1%          3
d - Airstrike             Air            38%        N/A       1%          4
e - Stone Arrow           Conj/Erth      100%       3d13      1%          3
f - Irradiate             Conj/Tmut      34%        3d25      1%          5

Your spell library contained the following spells:

 Spells                   Type           Power      Damage    Failure   Level
 Sting                    Tmut/Pois      100%       1d8       0%          1
 Animate Skeleton         Necr           100%       N/A       1%          1
 Apportation              Tloc           100%       N/A       1%          1
 Freeze                   Ice            100%       1d11      1%          1
 Summon Small Mammal      Summ           100%       N/A       1%          1
 Poisonous Vapours        Pois/Air       100%       N/A       1%          2
 Sublimation of Blood     Necr           62%        N/A       1%          2
 Frozen Ramparts          Ice            100%       1d12      1%          3
 Tukima's Dance           Hex            62%        N/A       1%          3
 Anguish                  Hex/Necr       31%        N/A       1%          4
 Animate Armour           Summ/Erth      100%       N/A       1%          4
 Hailstorm                Conj/Ice       68%        3d14      1%          4
 Olgreb's Toxic Radiance  Pois           75%        N/A       1%          4
 Petrify                  Tmut/Erth      73%        N/A       1%          4
 Alistair's Intoxication  Tmut/Pois      50%        N/A       1%          5
 Borgnjor's Vile Clutch   Necr/Erth      33%        N/A       1%          5
 Summon Forest            Summ/Tloc      31%        N/A       2%          5
 Eringya's Noxious Bog    Tmut/Pois      37%        N/A       2%          6
 Enfeeble                 Hex            31%        N/A       54%         7
 Summon Hydra             Summ           31%        N/A       54%         7
 Lehudib's Crystal Spear  Conj/Erth      34%        10d9      95%         8
 Chain Lightning          Conj/Air       35%        3d46      100%        9
 Fire Storm               Conj/Fire      34%        8d9       100%        9
 Shatter                  Erth           36%        3d29*     100%        9


Dungeon Overview and Level Annotations

Branches:
Dungeon (12/15)            Temple (1/1) D:6            Lair (6/6) D:9
 Shoals (0/4) Lair:4        Snake (1/4) Lair:2        Slime (0/5) Lair:5
    Orc (2/2) D:12            Elf (0/3) Orc:2

Altars:
Ashenzari
Cheibriados
Dithmenos
Elyvilon
Fedhas
Gozag
Hepliaklqana
Kikubaaqudgha
Makhleb
Nemelex Xobeh
Okawaru
Qazlal
Ru
Sif Muna
Trog
Uskayaw
Vehumet
Wu Jian
Xom
Yredelemnul
Zin
The Shining One
Beogh
Lugonu

Shops:
D:11 [[*:   Orc:2 **:(?

Portals:
Abyss: Orc:1 Lair:6

Annotations:
Orc:1 2 transporters, trickyswaf's ghost, journeyman DEFE


Innate Abilities, Weirdness & Mutations

You have very sharp teeth.
Your uncanny sense of smell can sniff out nearby items.
Your experience applies equally to all skills.
You are partially covered in iridescent scales. (AC +2)
Armour fits poorly on your strangely shaped body.
A frigid envelope surrounds you and freezes all who hurt you.
You are weak. (Str -2)


Message History

You are poisoned.
* * * LOW HITPOINT WARNING * * *
You feel very sick.
Casting: Airstrike (safe; 1% risk of failure)
Confirm with . or Enter, or press ? or * to list all spells.
Aiming: Shock (safe; 1% risk of failure)
Press: ? - help, Shift-Dir - straight line The zap hits the naga mage but does no damage.
The zap hits the naga mage.
The naga mage is lightly wounded.
You feel sick.
The naga mage gestures at you while chanting.
The bolt of poison hits you.
You are lethally poisoned!
* * * LOW HITPOINT WARNING * * *
The naga mage hits you but does no damage.
The naga mage misses you.
You feel better. The naga mage barely misses you. x2
Okay, then.
Blink to where?
Press: ? - help, Dir - move target
As you read the scroll of blinking, it crumbles to dust.
The naga mage spits poison at you. The splash of poison misses you.
The naga mage spits poison at you. The splash of poison misses you.
Items here: ))) [[[ รท.
The naga mage gestures at you while chanting.
The bolt of poison misses you.
Things that are here:
a +0 robe; a +0 spear The naga mage casts a spell at you.
The bolt of poison hits you!!
You are poisoned.
* * * LOW HITPOINT WARNING * * *
You feel better.
The naga mage points at you and mumbles some strange words.
The bolt of poison hits you!!
You are poisoned.
You die...

#....# #....# * *##....####
,,,........######## ##### * *
*** *
#....#.##.....##.....,,,,,* ..#
###....#.#.............,, ,
..#####....#......<........,,,,,
...###...###...............
.#.###...####...@^........., ,
.#.###...####.............. ,,,,
.#.###....###..)....###+###,
.#.###.....##N.....##.,
...........)[.....##.,,, ,
.........#..###...#. *** ,,**
..............#####, * ,
^.....#####.....# ,,, * *
#..#### ##....# , , ,* *


You could see a naga mage (fast).

Vanquished Creatures
  An ettin (Orc:1)
  A naga warrior (Snake:1)
  6 hydras
  A catoblepas (Lair:4)
  A two-headed ogre (D:8)
  3 thrashing horrors (Lair:6)
  Urug (D:10)
  3 orc high priests (Orc:2)
  9 death yaks
  2 shock serpents (Snake:1)
  A naga sharpshooter (Snake:1)
  Nergalle (Lair:4)
  Sonja (Orc:1)
  A fire crab (Lair:6)
  3 mana vipers
  A necromancer (Lair:4)
  5 orc knights (Orc:2)
  A deep elf pyromancer (D:12)
  6 orc sorcerers
  2 oklob plants (Lair:5)
  20 elephants
  2 cyclopes
  2 ugly things (Lair:6)
  2 naga magi (Snake:1)
  2 smoke demons (Lair:6)
  10 black mambas
  A guardian serpent (Snake:1)
  A gargoyle (D:10)
  A rime drake (Lair:6)
  18 cane toads
  5 komodo dragons
  2 ancient zymes (Lair:6)
  6 polar bears
  7 trolls
  2 hornets (D:9)
  A blink frog (shapeshifter) (Lair:6)
  23 blink frogs
  7 dream sheep (Lair:6)
  A ynoxinul (Lair:6)
  2 spriggans (Lair:6)
  3 shadows
  7 wyverns
  9 small abominations (Lair:6)
  44 yaks
  6 basilisks
  4 chaos spawn (Lair:6)
  3 steam dragons (D:8)
  The ghost of wingedge the Poker, an amateur TeFi (D:3)
  A large abomination (Lair:6)
  5 wargs
  7 nagas
  8 water moccasins
  16 orc warriors
  An elephant zombie (Lair:4)
  An ice beast (D:6)
  6 ogres
  2 black bears
  43 wolves
  8 centaurs
  A kobold brigand (D:11)
  A komodo dragon zombie (Lair:4)
  19 bullfrogs
  A gnoll sergeant (D:12)
  2 water moccasin zombies (D:6)
  3 water moccasin skeletons
  A killer bee (D:9)
  3 wights (D:7)
  3 howler monkeys
  5 electric eels
  A basilisk zombie (Lair:4)
  3 centaur zombies
  5 hounds
  2 jellies (D:6)
  21 orc priests
  A bullfrog skeleton (D:4)
  A gnoll shaman (D:7)
  A centaur skeleton (D:6)
  3 iguanas
  16 orc wizards
  2 killer bee zombies
  A hound zombie (D:5)
  A hound skeleton (D:5)
  12 gnolls
  3 howler monkey zombies
  7 adders
  2 howler monkey skeletons (D:7)
  An ufetubus (D:5)
  An adder skeleton (D:5)
  A worm (D:2)
  2 dart slugs
  72 orcs
  6 bats
  6 endoplasms
  4 giant cockroaches
  5 goblins
  4 hobgoblins
  A quokka (D:3)
  5 ball pythons
  2 frilled lizards
  7 kobolds
  5 rats
583 creatures vanquished.

Vanquished Creatures (others)
  3 bushes (Lair:6)
  25 fungi
  40 plants
68 creatures vanquished.

Grand Total: 651 creatures vanquished

Notes
Turn   | Place    | Note
-------+----------+-------------------------------------------
     0 | D:1      | jiml777 the Gnoll Air Elementalist began the quest for the
                  | Orb.
     0 | D:1      | Reached XP level 1. HP: 13/13 MP: 6/6
   153 | D:1      | Found a faded altar of an unknown god.
   251 | D:1      | Reached XP level 2. HP: 19/19 MP: 1/7
   948 | D:2      | Reached XP level 3. HP: 25/25 MP: 7/9
   977 | D:2      | Reached skill level 5 in Spellcasting
  1191 | D:2      | Reached skill level 1 in Invocations
  1294 | D:2      | Reached skill level 1 in Fighting
  1294 | D:2      | Reached skill level 1 in Short Blades
  1294 | D:2      | Reached skill level 1 in Long Blades
  1294 | D:2      | Reached skill level 1 in Axes
  1294 | D:2      | Reached skill level 1 in Maces & Flails
  1294 | D:2      | Reached skill level 1 in Polearms
  1294 | D:2      | Reached skill level 1 in Staves
  1294 | D:2      | Reached skill level 1 in Slings
  1294 | D:2      | Reached skill level 1 in Bows
  1294 | D:2      | Reached skill level 1 in Crossbows
  1294 | D:2      | Reached skill level 1 in Throwing
  1294 | D:2      | Reached skill level 1 in Armour
  1294 | D:2      | Reached skill level 1 in Shields
  1294 | D:2      | Reached skill level 1 in Unarmed Combat
  1294 | D:2      | Reached skill level 1 in Evocations
  1318 | D:2      | Learned a level 2 spell: Static Discharge
  1322 | D:2      | Learned a level 3 spell: Swiftness
  1463 | D:2      | Reached XP level 4. HP: 32/32 MP: 9/11
  2006 | D:3      | Found a runed translucent door.
  2006 | D:3      | Noticed wingedge's ghost (amateur TeFi)
  2118 | D:3      | Reached skill level 1 in Hexes
  2118 | D:3      | Reached skill level 1 in Summonings
  2118 | D:3      | Reached skill level 1 in Necromancy
  2118 | D:3      | Reached skill level 1 in Translocations
  2118 | D:3      | Reached skill level 1 in Transmutations
  2118 | D:3      | Reached skill level 1 in Fire Magic
  2118 | D:3      | Reached skill level 1 in Ice Magic
  2118 | D:3      | Reached skill level 1 in Earth Magic
  2118 | D:3      | Reached skill level 1 in Poison Magic
  2379 | D:3      | Reached XP level 5. HP: 37/37 MP: 8/12
  2436 | D:3      | Found an opulent altar of Gozag.
  2794 | D:3      | Killed wingedge's ghost
  2795 | D:3      | Reached XP level 6. HP: 30/44 MP: 4/14
  2917 | D:4      | Found a shadowy altar of Dithmenos.
  2963 | D:4      | Reached skill level 5 in Dodging
  3082 | D:4      | Found an ornate altar of the Wu Jian Council.
  3089 | D:4      | Noticed a spectral centipede
  3089 | D:4      | Noticed a spectral black mamba
  3089 | D:4      | Noticed a spectral cane toad
  3925 | D:5      | Entered Level 5 of the Dungeon
  3930 | D:5      | Reached XP level 7. HP: 44/50 MP: 10/15
  4281 | D:5      | Learned a level 4 spell: Airstrike
  4713 | D:5      | Reached skill level 5 in Stealth
  4988 | D:5      | Found a burning altar of Makhleb.
  5965 | D:6      | Reached XP level 8. HP: 57/57 MP: 10/16
  6010 | D:6      | Found a staircase to the Ecumenical Temple.
  6163 | D:6      | Noticed a wyvern
  6179 | D:6      | Killed a wyvern
  7217 | D:6      | Reached XP level 9. HP: 53/65 MP: 5/18
  7620 | Temple   | Entered the Ecumenical Temple
  7793 | Temple   | Became a worshipper of Ashenzari the Shackled
  8061 | D:7      | Found an ancient bone altar of Kikubaaqudgha.
  9303 | D:8      | Noticed a two-headed ogre
  9333 | D:8      | Killed a two-headed ogre
  9334 | D:8      | Reached skill level 5 in Invocations
  9825 | D:8      | Reached XP level 10. HP: 74/74 MP: 5/21
 10064 | D:8      | Identified the +1 robe of Koidwim {Harm Int+7}
 10195 | D:8      | Reached skill level 5 in Fighting
 10195 | D:8      | Reached skill level 5 in Short Blades
 10195 | D:8      | Reached skill level 5 in Long Blades
 10195 | D:8      | Reached skill level 5 in Axes
 10195 | D:8      | Reached skill level 5 in Maces & Flails
 10195 | D:8      | Reached skill level 5 in Polearms
 10195 | D:8      | Reached skill level 5 in Staves
 10195 | D:8      | Reached skill level 5 in Slings
 10195 | D:8      | Reached skill level 5 in Bows
 10195 | D:8      | Reached skill level 5 in Crossbows
 10195 | D:8      | Reached skill level 5 in Throwing
 10195 | D:8      | Reached skill level 5 in Armour
 10195 | D:8      | Reached skill level 5 in Shields
 10195 | D:8      | Reached skill level 5 in Unarmed Combat
 10195 | D:8      | Reached skill level 5 in Evocations
 10604 | D:8      | Reached * piety under Ashenzari
 11656 | D:9      | Found a staircase to the Lair.
 11993 | D:9      | Reached skill level 5 in Conjurations
 12073 | D:9      | Reached ** piety under Ashenzari
 12584 | Lair:1   | Entered Level 1 of the Lair of Beasts
 12672 | Lair:1   | Noticed an elephant
 12684 | Lair:1   | Noticed an elephant
 12687 | Lair:1   | Noticed an elephant
 12689 | Lair:1   | Noticed an elephant
 12715 | Lair:1   | Killed an elephant
 12739 | Lair:1   | Noticed a cane toad
 12840 | Lair:1   | Noticed a black mamba
 12840 | Lair:1   | Noticed a cane toad
 12847 | Lair:1   | Killed a cane toad
 12850 | Lair:1   | Killed a cane toad
 13096 | D:9      | Learned a level 3 spell: Stone Arrow
 13109 | D:10     | Entered Level 10 of the Dungeon
 13117 | D:10     | Noticed Urug
 13131 | D:10     | Killed Urug
 13132 | D:10     | Reached XP level 11. HP: 84/84 MP: 1/24
 14544 | D:10     | Reached skill level 5 in Hexes
 14544 | D:10     | Reached skill level 5 in Summonings
 14544 | D:10     | Reached skill level 5 in Necromancy
 14544 | D:10     | Reached skill level 5 in Translocations
 14544 | D:10     | Reached skill level 5 in Transmutations
 14544 | D:10     | Reached skill level 5 in Fire Magic
 14544 | D:10     | Reached skill level 5 in Ice Magic
 14544 | D:10     | Reached skill level 5 in Earth Magic
 14544 | D:10     | Reached skill level 5 in Poison Magic
 15291 | D:10     | Found a white marble altar of Elyvilon.
 15908 | D:10     | Reached *** piety under Ashenzari
 16141 | D:11     | Found Awoliwasu's General Store.
 16149 | D:11     | Bought the ring of Arrival {Fly rF+ rN++ Dex+2} for 785
                  | gold pieces
 16348 | D:11     | Found Latt's Armour Shoppe.
 16365 | D:11     | Noticed a cyclops
 16369 | D:11     | Killed a cyclops
 16371 | D:11     | Reached **** piety under Ashenzari
 16574 | D:11     | Found Usuguiw's Armour Shop.
 17019 | D:11     | Found Teneit's Book Shoppe.
 17423 | D:12     | Noticed a deep elf pyromancer
 17428 | D:12     | Killed a deep elf pyromancer
 17914 | D:12     | Found a staircase to the Orcish Mines.
 18013 | Orc:1    | Entered Level 1 of the Orcish Mines
 18317 | Orc:1    | Found a transporter.
 18323 | Orc:1    | Noticed a green very ugly thing
 18330 | Orc:1    | Noticed a glowing orange brain
 18331 | Orc:1    | Noticed a deep troll
 18332 | Orc:1    | Noticed trickyswaf's ghost (journeyman DEFE)
 18333 | Orc:1    | Noticed an orc knight
 18341 | Orc:1    | Found a transporter.
 18353 | Orc:1    | Found a one-way gate to the infinite horrors of the Abyss.
 18456 | Orc:1    | Noticed a worldbinder
 19532 | Orc:1    | Noticed an ettin
 19538 | Orc:1    | Killed an ettin
 19552 | Orc:1    | Noticed a wolf spider
 19578 | Orc:1    | Noticed a quicksilver dragon
 19579 | Orc:1    | Noticed an alligator snapping turtle
 19579 | Orc:1    | a quicksilver dragon changed into an alligator snapping
                  | turtle
 19583 | Orc:1    | Noticed a stone giant
 19583 | Orc:1    | an alligator snapping turtle changed into a stone giant
 19599 | Orc:1    | Noticed a stone giant
 19602 | Orc:1    | Noticed a fenstrider witch
 19602 | Orc:1    | a stone giant changed into a fenstrider witch
 19784 | Orc:1    | Noticed Sonja
 19786 | Orc:1    | Killed Sonja
 19787 | Orc:1    | Reached XP level 12. HP: 94/94 MP: 9/26
 20564 | Orc:2    | Entered Level 2 of the Orcish Mines
 20887 | Orc:2    | Found Saxit's CLEARANCE SALE!.
 21112 | Orc:2    | Found a staircase to the Elven Halls.
 21651 | Orc:2    | Noticed an orc high priest
 21654 | Orc:2    | Killed an orc high priest
 21655 | Orc:2    | Paralysed by an orc sorcerer for 3 turns
 21803 | Orc:2    | Paralysed by an orc sorcerer for 7 turns
 21932 | Orc:2    | Noticed an orc high priest
 21935 | Orc:2    | Killed an orc high priest
 22591 | Orc:2    | Noticed an orc high priest
 22594 | Orc:2    | Killed an orc high priest
 23296 | Orc:2    | Found Dufurisa's Magic Scroll Shop.
 23299 | Orc:2    | Found Suehorhu's Book Shoppe.
 23306 | Orc:2    | Found Publyn's Assorted Antiques.
 23308 | Orc:2    | Found Fonoulyw's Weapon Shop.
 23312 | Orc:2    | Paralysed by an orc sorcerer for 4 turns
 23375 | Orc:2    | Bought a scroll labelled FAVAZX SOTAWA for 29 gold pieces
 23375 | Orc:2    | Bought a scroll of amnesia for 101 gold pieces
 24373 | Lair:1   | Reached XP level 13. HP: 103/103 MP: 15/28
 27658 | Lair:2   | Found a staircase to the Snake Pit.
 28738 | Lair:3   | Reached skill level 10 in Spellcasting
 28960 | Lair:3   | Gained mutation: Your spells are a little harder to cast,
                  | but a little more powerful. [potion of mutation]
 28960 | Lair:3   | Gained mutation: You are strong-willed. (Will+) [potion of
                  | mutation]
 28961 | Lair:3   | Lost mutation: You are strong-willed. (Will+) [potion of
                  | mutation]
 28961 | Lair:3   | Lost mutation: Your spells are a little harder to cast, but
                  | a little more powerful. [potion of mutation]
 28961 | Lair:3   | Gained mutation: Your system is resistant to poisons.
                  | (rPois) [potion of mutation]
 28961 | Lair:3   | Gained mutation: You have hidden genetic defects. [potion
                  | of mutation]
 28961 | Lair:3   | Gained mutation: You are partially covered in iridescent
                  | scales. (AC +2) [potion of mutation]
 28962 | Lair:3   | Lost mutation: Your system is resistant to poisons. (rPois)
                  | [potion of mutation]
 28962 | Lair:3   | Lost mutation: You have hidden genetic defects. [potion of
                  | mutation]
 28962 | Lair:3   | Gained mutation: Armour fits poorly on your strangely
                  | shaped body. [potion of mutation]
 28962 | Lair:3   | Gained mutation: You are weak. (Str -2) [potion of
                  | mutation]
 28962 | Lair:3   | Gained mutation: A frigid envelope surrounds you and
                  | freezes all who hurt you. [potion of mutation]
 29974 | Lair:4   | Reached skill level 10 in Dodging
 29985 | Lair:4   | Reached XP level 14. HP: 111/111 MP: 2/29
 30554 | Lair:4   | Reached skill level 10 in Stealth
 30720 | Lair:4   | Noticed Nergalle
 30725 | Lair:4   | Killed Nergalle
 31388 | Lair:4   | Found a staircase to the Shoals.
 32057 | Lair:5   | Found a staircase to the Slime Pits.
 32315 | Lair:5   | Reached skill level 10 in Invocations
 32957 | Lair:5   | Learned a level 5 spell: Irradiate
 33840 | Lair:6   | Entered Level 6 of the Lair of Beasts
 35510 | Lair:6   | Reached XP level 15. HP: 113/120 MP: 4/31
 36278 | Lair:6   | Found a corrupted altar of Lugonu.
 36448 | Lair:6   | Reached skill level 10 in Air Magic
 37123 | Lair:6   | Reached skill level 10 in Fighting
 37123 | Lair:6   | Reached skill level 10 in Short Blades
 37123 | Lair:6   | Reached skill level 10 in Long Blades
 37123 | Lair:6   | Reached skill level 10 in Axes
 37123 | Lair:6   | Reached skill level 10 in Maces & Flails
 37123 | Lair:6   | Reached skill level 10 in Polearms
 37123 | Lair:6   | Reached skill level 10 in Staves
 37123 | Lair:6   | Reached skill level 10 in Slings
 37123 | Lair:6   | Reached skill level 10 in Bows
 37123 | Lair:6   | Reached skill level 10 in Crossbows
 37123 | Lair:6   | Reached skill level 10 in Throwing
 37123 | Lair:6   | Reached skill level 10 in Armour
 37123 | Lair:6   | Reached skill level 10 in Shields
 37123 | Lair:6   | Reached skill level 10 in Unarmed Combat
 37123 | Lair:6   | Reached skill level 10 in Evocations
 38822 | D:11     | Bought a book of Annihilations for 960 gold pieces
 38960 | Snake:1  | Entered Level 1 of the Snake Pit
 39891 | Snake:1  | HP: 5/121 [naga mage/bolt of poison (25)]
 39892 | Snake:1  | Killed from afar by a naga mage

Illustrated notes

Levels and vault maps discovered:
D:1:      lightli_arrival_quake, layout_basic,
          ebering_ecumenical_altar_abandoned
D:2:      layout_loops_cross
D:3:      layout_basic, lemuel_doored_altar, hellmonk_ghost_happy_afterlife,
          solitary_fountain
D:4:      layout_gridville, pdpol_wu_jian_five_deadly_venoms,
          grunt_dithmenos_smoke
D:5:      layout_layer_cave, mainiacjoe_overflow_paths
D:6:      layout_basic, minmay_temple_entry_trees
D:7:      layout_loops_cross, kiku_gazebo_pond_becter, kennysheep_big_empty_room
D:8:      layout_loops_cross, david_defended_altar_orc
D:9:      layout_loops_corners, erik_lair_island, minivault_23,
          minmay_quadrilaterals
D:10:     layout_loops_cross, elyvilon_altar_4, special_room [special_room_orc],
          uniq_urug
D:11:     layout_long_grid, serial_shops, kennysheep_little_box,
          nicolae_shop_crystal, shop, shop_fountains
D:12:     layout_basic, orc_0_dummy
Temple:   regret_index_temple_sphere_string
Lair:1:   layout_layer_cave, lemuel_fruit_tree, serial_bayou_shore_b
Lair:2:   layout_misc_corridors, minmay_snake_entry_guardpost_small,
          fungi_pond_lemuel
Lair:3:   layout_cave_pods
Lair:4:   pond_and_an_island_with_a_cottage, layout_regular_city,
          shoals_dummy_entry, uniq_nergalle
Lair:5:   layout_long_grid, minmay_slime_entry_oklob_open
Lair:6:   hellmonk_lair_end_abyssal_woods, layout_cave_pods,
          gauntlet_entry_generic, grunt_forest_large_clearings,
          infiniplex_staircase_pool_2
Snake:1:  layout_rooms, nicolae_snake_ghostly_warrior_ritual,
          grunt_megastairs_2, uniq_jorgrun
Orc:1:    layout_caves, gammafunk_ghost_abyssal_escape, uniq_sonja
Orc:2:    st_orc_elflike, layout_diamond_mine, statue_in_the_mist_lemuel,
          nicolae_shop_clearance

Skill      XL: |  1  2  3  4  5  6  7  8  9 10 11 12 13 14 15 |
---------------+----------------------------------------------+-----
Conjurations   | 2 3 4 5 6 7 8 |  8.9
Spellcasting   | 5 6 7 8 9 10 11 | 11.4
Invocations    | 1 2 3 4 5 6 7 8 9 10 11 | 11.1
Fighting       | 1 2 3 4 5 6 7 8 9 10 | 10.2
Short Blades   | 1 2 3 4 5 6 7 8 9 10 | 10.2
Long Blades    | 1 2 3 4 5 6 7 8 9 10 | 10.2
Axes           | 1 2 3 4 5 6 7 8 9 10 | 10.2
Maces & Flails | 1 2 3 4 5 6 7 8 9 10 | 10.2
Polearms       | 1 2 3 4 5 6 7 8 9 10 | 10.2
Staves         | 1 2 3 4 5 6 7 8 9 10 | 10.2
Slings         | 1 2 3 4 5 6 7 8 9 10 | 10.2
Bows           | 1 2 3 4 5 6 7 8 9 10 | 10.2
Crossbows      | 1 2 3 4 5 6 7 8 9 10 | 10.2
Throwing       | 1 2 3 4 5 6 7 8 9 10 | 10.2
Armour         | 1 2 3 4 5 6 7 8 9 10 | 10.2
Shields        | 1 2 3 4 5 6 7 8 9 10 | 10.2
Unarmed Combat | 1 2 3 4 5 6 7 8 9 10 | 10.2
Evocations     | 1 2 3 4 5 6 7 8 9 10 | 10.2
Hexes          | 1 2 3 4 5 6 7 8 |  8.6
Summonings     | 1 2 3 4 5 6 7 8 |  8.6
Necromancy     | 1 2 3 4 5 6 7 8 |  8.6
Translocations | 1 2 3 4 5 6 7 8 |  8.6
Transmutations | 1 2 3 4 5 6 7 8 |  8.6
Fire Magic     | 1 2 3 4 5 6 7 8 |  8.6
Ice Magic      | 1 2 3 4 5 6 7 8 |  8.6
Earth Magic    | 1 2 3 4 5 6 7 8 |  8.6
Poison Magic   | 1 2 3 4 5 6 7 8 |  8.6
Dodging        | 5 6 7 8 9 10 11 | 11.2
Stealth        | 5 6 7 8 9 10 11 | 11.1
Air Magic      | 6 7 8 9 10 | 10.2

Action                   |  1- 3 |  4- 6 |  7- 9 | 10-12 | 13-15 || total
-------------------------+-------+-------+-------+-------+-------++-------
Melee: Rapier            |    21 |     5 |    44 |       |       ||    70
       Bite              |     2 |     1 |    10 |    26 |   109 ||   148
       Punch             |       |       |     1 |     9 |    85 ||    95
       Spear             |       |       |    22 |   192 |   687 ||   901
 Cast: Shock             |    44 |   103 |   130 |    49 |     6 ||   332
       Airstrike         |       |       |    54 |   244 |   434 ||   732
       Swiftness         |       |       |     1 |       |     1 ||     2
       Stone Arrow       |       |       |       |     2 |     3 ||     5
       Static Discharge  |       |       |       |       |     8 ||     8
       Irradiate         |       |       |       |       |     1 ||     1
Invok: Curse Item        |       |       |     1 |     5 |     2 ||     8
       Shatter the Chain |       |       |       |       |     1 ||     1
Evoke: Wand              |       |       |       |       |     1 ||     1
  Use: Scroll            |       |     7 |     8 |     4 |     4 ||    23
       Potion            |       |       |       |     2 |    11 ||    13
 Stab: Sleeping          |     1 |       |       |     2 |       ||     3
       Distracted        |       |       |       |       |     2 ||     2
Armor: Robe              |     9 |     9 |    38 |    86 |   170 ||   312
       Leather armour    |       |       |     4 |       |       ||     4
Dodge: Dodged            |    26 |    19 |   102 |   150 |   525 ||   822
